 Dungeon Crawl Stone Soup version 0.30.1-9-gdf580d7c3d (webtiles) character file.

Game seed: 8180677305360341314

7 wally255 the Trooper (level 2, -1/27 HPs)
             Began as a Hill Orc Fighter on Oct 20, 2023.
             Was a Follower of Nemelex Xobeh.
             Slain by a frilled lizard (2 damage)
             ... on level 1 of the Dungeon.
             The game lasted 00:03:34 (39 turns).

wally255 the Trooper (Hill Orc Fighter)               Turns: 39, Time: 00:03:35

Health: -1/27      AC:  6    Str: 18    XL:     2   Next: 0%
Magic:  2/2        EV:  9    Int:  8    God:    Nemelex Xobeh [*.....]
Gold:   1          SH:  4    Dex: 10    Spells: 1/1 levels left

rFire   . . .        a - +0 flail
rCold   . . .        c - +0 buckler
rNeg    . . .        b - +0 scale mail
rPois   .            (no helmet)
rElec   .            (no cloak)
rCorr   .            (no gloves)
SInv    .            (no boots)
Will    .....        (no amulet) Stlth
                     (no ring)
HPRegen 0.24/turn    (no ring)
MPRegen 0.08/turn

%: no passive effects
@: mighty
A: no striking features
a: Renounce Religion, Draw Escape, Draw Destruction, Draw Summoning


You were on level 1 of the Dungeon.
You worshipped Nemelex Xobeh.
Nemelex Xobeh was aware of your devotion.
You visited 1 branch of the dungeon, and saw 1 of its levels.

You collected 1 gold pieces.

Inventory:

Hand Weapons
 a - a +0 flail (weapon)
Armour
 b - a +0 scale mail (worn)
 c - a +0 buckler (worn)


   Skills:
 + Level 3.9 Fighting
 + Level 2.2 Maces & Flails
 + Level 3.4 Armour
 + Level 3.4 Shields


You had one spell level left.
You didn't know any spells.
Your spell library was empty.

Dungeon Overview and Level Annotations

Branches:
Dungeon (1/15)

Altars:
Nemelex Xobeh


Message History

The dart slug barely misses you. The hobgoblin hits you.
* * * LOW HITPOINT WARNING * * *
You hit the dart slug but do no damage.
The dart slug is heavily wounded.
You block the hobgoblin's attack.
The dart slug bites you but does no damage.
You hit the hobgoblin.
The hobgoblin is severely wounded.
The hobgoblin hits you but does no damage.
The dart slug launches a dart at you.
The slug dart hits you but does no damage.
You hit the hobgoblin.
You kill the hobgoblin!
An endoplasm comes into view.
A rat comes into view.
You block the frilled lizard's attack. The dart slug bites you.
* * * LOW HITPOINT WARNING * * *
You miss the frilled lizard.
The endoplasm quivers.
The hobgoblin hits you but does no damage.
The frilled lizard bites you.
* * * LOW HITPOINT WARNING * * *
You feel very mighty all of a sudden. You block the hobgoblin's attack.
The goblin splashes around in the water.
The dart slug bites you but does no damage.
The frilled lizard bites you but does no damage.
You bludgeon the dart slug!!
You kill the dart slug!
The hobgoblin hits you.
* * * LOW HITPOINT WARNING * * *
You block the goblin's attack. The frilled lizard barely misses you.
The goblin splashes around in the water.
The hobgoblin hits you.
* * * LOW HITPOINT WARNING * * *
You have reached level 2!
You sock the hobgoblin!
You kill the hobgoblin!
The frilled lizard bites you.
You die...
Your body disappears without a glow.

... #....
....#....
..)..#....
.........#
.........#########
.........r........
.......J#l......#
.........@.#
..###.~~g.#......
##††_~.#.##...
#..~~~...# .
#......###
##...#.....#
#...##..##..
#'#.###.# # #<#.#
..


You could see an endoplasm, a goblin, a frilled lizard and a rat.

Vanquished Creatures
  A dart slug (D:1)
  3 hobgoblins (D:1)
  A quokka (D:1)
5 creatures vanquished.

Notes
Turn   | Place    | Note
-------+----------+-------------------------------------------
     0 | D:1      | wally255 the Hill Orc Fighter began the quest for the Orb.
     0 | D:1      | Reached XP level 1. HP: 19/19 MP: 1/1
     5 | D:1      | Found a faded altar of an unknown god.
    24 | D:1      | Prayed at the altar of an unknown god.
    24 | D:1      | Became a worshipper of Nemelex Xobeh the Trickster
    24 | D:1      | Reached * piety under Nemelex Xobeh
    38 | D:1      | HP: 1/20 [hobgoblin (4)]
    39 | D:1      | Reached XP level 2. HP: 1/27 MP: 2/2
    39 | D:1      | Slain by a frilled lizard

Illustrated notes

Levels and vault maps discovered:
D:1:      dpeg_arrival_tiny_c, layout_basic,
          hellmonk_ecumenical_altar_pennies_from_heaven

Action                     || total
---------------------------++-------
  Melee: Flail             ||    11
    Use: Potion            ||     1
 Armour: Scale mail        ||    10
  Dodge: Dodged            ||     3
  Block: Buckler           ||     5
